 Dungeon Crawl Stone Soup version 0.29.1-2-gbd0b4ee654 (webtiles) character file.

Game seed: 9899972067406028463

49 sanboga the Trooper (level 3, 0/40 HPs)
             Began as an Ogre Berserker on Nov 22, 2022.
             Was a Believer of Trog.
             Slain by an endoplasm (1 damage)
             ... on level 2 of the Dungeon.
             The game lasted 00:01:14 (1338 turns).

sanboga the Trooper (Ogre Berserker)                Turns: 1338, Time: 00:01:15

Health: 0/40       AC:  3    Str: 23    XL:     3   Next: 77%
Magic:  3/3        EV: 10    Int:  8    God:    Trog [**....]
Gold:   96         SH:  0    Dex:  8    Spells: 2/2 levels left

rFire   . . .      SeeInvis .   a - +0 mace
rCold   . . .      Faith    .   (no shield)
rNeg    . . .      Spirit   .   b - +0 animal skin
rPois   .          Reflect  .   (helmet restricted)
rElec   .          Harm     .   (no cloak)
rCorr   .          Rampage  .   (gloves unavailable)
Will    .....                   (boots unavailable)
Stlth   +.........              (no amulet)
HPRegen 0.13/turn               (no ring)
MPRegen 0.08/turn               (no ring)

@: lethally poisoned (0 -> -1)
A: large, unfitting armour, tough skin 1
a: Renounce Religion, Berserk, Trog's Hand


You were on level 2 of the Dungeon.
You worshipped Trog.
Trog was pleased with you.
You visited 1 branch of the dungeon, and saw 2 of its levels.

You collected 96 gold pieces.

Inventory:

Hand Weapons
 a - a +0 mace (weapon)
Armour
 b - a +0 animal skin (worn)
Scrolls
 h - a scroll of identify {unknown}
Potions
 c - a potion of mutation {unknown}
 d - 2 potions of might {unknown}
 e - a potion of heal wounds {unknown}
 f - a potion of curing {unknown}
 g - a potion of experience {unknown}
 i - a potion of degeneration {unknown}


   Skills:
 + Level 4.5 Fighting
 * Level 3.3 Maces & Flails
 + Level 3.0 Dodging
 + Level 1.0 Stealth


You had 2 spell levels left.
You didn't know any spells.
Your spell library was empty.

Dungeon Overview and Level Annotations

Branches:
Dungeon (2/15)

Altars:


Innate Abilities, Weirdness & Mutations

You are too large for most types of armour.
You have tough skin. (AC +1)


Message History

The adder barely misses you. The goblin hits you with a +0 club.
The endoplasm completely misses you.
You are too injured to fight recklessly!
You are too injured to fight recklessly!
You are too injured to fight recklessly!
You are too injured to fight recklessly!
You are too injured to fight recklessly!
You are too injured to fight recklessly!
You barely miss the adder.
The adder is heavily wounded.
The adder bites you but does no damage. The goblin hits you with a +0 club.
The endoplasm freezes you.
You are frozen.
The adder closely misses you.
You hit the adder.
The adder is almost dead.
The adder bites you.
You are poisoned.
The adder poisons you! The goblin hits you but does no damage.
The endoplasm hits you.
* * * LOW HITPOINT WARNING * * *
The adder bites you.
* * * LOW HITPOINT WARNING * * *
You hit the adder.
You kill the adder!
Trog accepts your kill.
You feel sick. The goblin hits you but does no damage.
The endoplasm closely misses you. The endoplasm barely misses you.
The goblin hits you with a +0 club.
* * * LOW HITPOINT WARNING * * *
Your Stealth skill increases to level 1!
You hit the endoplasm.
The endoplasm is heavily wounded.
You feel sick. The goblin hits you with a +0 club.
* * * LOW HITPOINT WARNING * * *
The endoplasm closely misses you.
You hit the endoplasm but do no damage.
The endoplasm is heavily wounded.
* * * LOW HITPOINT WARNING * * *
You feel sick. The goblin hits you but does no damage. The endoplasm hits you.
You die...

+#########...#..#
..........#.....>#
..........####.#####
...................#
...................+
..........$........#
..........##........#
......†g..##.######.#
.......@..##.# .#
......J...##.# #
###......###.#
#......# #.# #......#
.# #......# #......#
#......#


You could see an endoplasm and a goblin.

Vanquished Creatures
  An adder (D:2)
  2 dart slugs
  3 bats (D:1)
  6 endoplasms (D:1)
  4 hobgoblins (D:1)
  4 jackals (D:1)
  A quokka (D:1)
  3 ball pythons (D:1)
  5 goblins (D:1)
  A kobold (D:1)
  2 rats (D:1)
32 creatures vanquished.

Notes
Turn   | Place    | Note
-------+----------+-------------------------------------------
     0 | D:1      | sanboga the Ogre Berserker began the quest for the Orb.
     0 | D:1      | Reached XP level 1. HP: 24/24 MP: 1/1
   254 | D:1      | Reached XP level 2. HP: 30/32 MP: 2/2
   593 | D:1      | Reached XP level 3. HP: 40/40 MP: 3/3
   614 | D:1      | Reached ** piety under Trog
  1337 | D:2      | Reached skill level 1 in Stealth
  1337 | D:2      | HP: 1/40 [goblin/+0 club (4)]
  1338 | D:2      | Slain by an endoplasm

Illustrated notes

Levels and vault maps discovered:
D:1:      shiori_arrival_oz, layout_rooms
D:2:      layout_basic

Skill      XL: |  1  2  3 |
---------------+----------+-----
Maces & Flails | 3 |  3.3
Dodging        | 3 |  3.0
Stealth        | 1 |  1.0
Fighting       | |  4.5

Action                   || total
-------------------------++-------
Melee: Mace              ||   114
       Punch             ||     2
Armor: Animal skin       ||    52
Dodge: Dodged            ||    65
